 Dungeon Crawl Stone Soup version 0.28-a0-1638-g9123634e07 (webtiles) character file.

Game seed: 1806560459486796253

16 HallandMoats the Skirmisher (level 2, -2/26 HPs)
             Began as a Ghoul Monk on Jan 25, 2022.
             Slain by an adder (3 damage)
             ... on level 2 of the Dungeon.
             The game lasted 00:01:45 (675 turns).

HallandMoats the Skirmisher (Ghoul Monk)             Turns: 675, Time: 00:01:46

Health: -2/26      AC:  2    Str: 14    XL:     2   Next: 58%
Magic:  1/1        EV: 12    Int:  5    God:
Gold:   69         SH:  0    Dex: 11    Spells: 1/1 levels left

rFire   . . .      SeeInvis .   a - +0 spear
rCold   + . .      Faith    .   (no shield)
rNeg    + + +      Spirit   .   b - +0 robe
rPois   ∞          Reflect  .   (no helmet)
rElec   .          Harm     .   (no cloak)
rCorr   .          Rampage  .   (no gloves)
Will    .....                   (no boots)
Stlth   ++........              (no amulet)
HPRegen 0.00/turn               (no ring)
MPRegen 0.07/turn               (no ring)

@: inhibited regen
A: claws 1, cold resistance 1, negative energy resistance 3, inhibited
regeneration, torment resistance 2
a: no special abilities


You were on level 2 of the Dungeon.
You visited 1 branch of the dungeon, and saw 2 of its levels.

You collected 69 gold pieces.

Inventory:

Hand Weapons
 a - a +0 spear (weapon)
Armour
 b - a +0 robe (worn)
Scrolls
 g - 3 scrolls of identify {unknown}
Potions
 c - a potion of mutation {unknown}
 d - a potion of haste {unknown}
 e - a potion of flight {unknown}
 f - a potion of curing {unknown}


   Skills:
 * Level 3.5 Fighting
 * Level 2.9 Polearms
 + Level 0.3 Armour
 + Level 2.8 Dodging
 - Level 2.1 Stealth
 + Level 0.7 Invocations


You had one spell level left.
You didn't know any spells.
Your spell library was empty.

Dungeon Overview and Level Annotations

Branches:
Dungeon (2/15)

Altars:


Innate Abilities, Weirdness & Mutations

You thrive by killing the living.
You are immune to poison.
You have sharp fingernails.
Your flesh is cold resistant. (rC+)
You are immune to negative energy. (rN+++)
You do not regenerate when monsters are visible.
You are immune to unholy pain and torment.


Message History

Aim: an adder (heavily wounded, about 58% to evade your +0 spear)
You closely miss the adder.
The adder is heavily wounded.
The adder bites you.
Reach: a) +0 spear
Press: ? - help, Dir - move target, f/p - adder
Aim: an adder (heavily wounded, about 58% to evade your +0 spear)
You miss the adder.
The adder is heavily wounded.
The adder bites you.
* * * LOW HITPOINT WARNING * * *
The adder barely misses you.
Reach: a) +0 spear
Press: ? - help, Dir - move target, f/p - adder
Aim: an adder (heavily wounded, about 58% to evade your +0 spear)
You closely miss the adder.
The adder is heavily wounded.
The adder bites you.
* * * LOW HITPOINT WARNING * * *
You hit the adder.
The adder is severely wounded.
The adder closely misses you.
You closely miss the adder.
The adder is severely wounded.
The adder bites you.
* * * LOW HITPOINT WARNING * * *
You barely miss the adder.
The adder is severely wounded.
The adder closely misses you.
You hit the adder.
The adder is almost dead.
The adder closely misses you. The adder bites you.
* * * LOW HITPOINT WARNING * * *
You miss the adder.
The adder is almost dead.
The adder closely misses you.
You completely miss the adder.
The adder is almost dead.
The adder bites you.
You die...

#...##.# #..###.#
#......# #......#
#.###.## # +.....#
.## #.##..# ...#
###.#..>######...###
.......†...S@.......
###.....#######.####
#.....# #.##..#
#.#S#.# #.#.#..
#.#!#.# ...##.#
#......#


You could see an adder.

Vanquished Creatures
  A gnoll (D:1)
  An endoplasm (D:1)
  A hobgoblin (D:2)
  2 kobolds (D:1)
  A quokka (D:1)
  A frilled lizard (D:1)
7 creatures vanquished.

Notes
Turn   | Place    | Note
-------+----------+-------------------------------------------
     0 | D:1      | HallandMoats the Ghoul Monk began the quest for the Orb.
     0 | D:1      | Reached XP level 1. HP: 19/19 MP: 0/0
   183 | D:1      | Reached XP level 2. HP: 2/26 MP: 1/1
   673 | D:2      | HP: 1/26 [adder (2)]
   675 | D:2      | Slain by an adder

Illustrated notes

Levels and vault maps discovered:
D:1:      wander_arrival_estate, layout_rooms
D:2:      layout_loops_corners, serial_shops, nicolae_diamond_shop,
          shapermc_ecumenical_altar_hornbeckon, minivault_25,
          minmay_pentomino_q2

Action                   || total
-------------------------++-------
Melee: Spear             ||    51
 Stab: Sleeping          ||     1
Armor: Robe              ||     1
Dodge: Dodged            ||    26

Table legend: (Time is in decaauts)
 A = Elapsed time spent in this place.
 B = Non-inter-level travel time spent in this place.
 C = Inter-level travel time spent in this place.
 D = Time resting spent in this place.
 E = Time spent auto-exploring this place.
 F = Levels seen in this place.
 G = Mean time per level.
                   A        B        C        D        E       F      G
               +--------+--------+--------+--------+--------+-----+--------+
         Total |    672 |    665 |      7 |      0 |    566 |   2 |  336.0 |
       Dungeon |    672 |    665 |      7 |      0 |    566 |   2 |  336.0 |
               +--------+--------+--------+--------+--------+-----+--------+

Top non-repeatable levels by time:
     D:1: 621 daAuts
     D:2: 50 daAuts
